Workbook
Name AnnaulROI: 'Input-Basic'!$N$14
Name annualAmountSWP: 'Input-Basic'!$C$29
Name annualChangeInSWP: 'Input-Basic'!$C$30
Name annualEffectivePostRetirementROI: 'Input-Basic'!$F$14
Name annualEffectiveROI: 'Input-Basic'!$F$13
Name annualIncreaseInSavings: 'Input-Basic'!$C$21
Name annualInflation: 'Input-Basic'!$C$17
Name annualInflationLifeStyle: 'Input-Basic'!$C$18
Name annualInflationOthers: 'Input-Basic'!$C$19
Name annualPostRetirementROI: 'Input-Basic'!$C$24
Name annualROI: 'Input-Basic'!$C$16
Name annualWithdrawalSWP_FV: 'Input-Basic'!$F$16
Name InflationCPI: 'Input-Basic'!$N$15
Name monthlyExpenses: 'Input-Basic'!#REF!
Name swpLTCGExemption: 'Input-Basic'!$C$37
Name swpLTCGTaxPercentage: 'Input-Basic'!$C$38
Name swpOtherTaxExemptions: 'Input-Basic'!$C$36
Name TEsting: 'Input-Basic'!$D$13:$D$23
Name userAge: 'Input-Basic'!$F$9
Name userAnnualSavings: 'Input-Basic'!$F$12
Name userCurrentLiabilities: 'Input-Basic'!$C$13
Name userCurrentSavings: 'Input-Basic'!$C$12
Name userDOB: 'Input-Basic'!$C$10
Name userIncome: 'Input-Basic'!$C$11
Name userLifeExpectancyAge: 'Input-Basic'!$C$34
Name userMonthlyExpenses: 'Input-MonthlyExpenses'!$B$3
Name userMonthlyIncome: 'Input-Basic'!$C$11
Name userName: 'Input-Basic'!$C$9
Name userRetirementAge: 'Input-Basic'!$C$33

Sheet Dashboard
A1: *Considers Investments/Events from beginning of each year
A2: *Considers Investments from your next year age.
A3: *P.Y - Previous Year
A4: *C.Y - Current Year
B7: YEAR | C7: AGE | D7: P.Y SAVINGS | E7: C.Y SAVINGS | F7: EVENTS | G7: EVENTS DESCRIPTION | H7: TAX (SWP) | I7: NET INVESTMENT | J7: ROI | K7: TOTAL
B9: =YEAR(TODAY()) -> 2025 | C9: =userAge+1 -> 34 | D9: =ROUND(userCurrentSavings-userCurrentLiabilities, 0) -> 1000000 | E9: =userAnnualSavings -> 600000 | F9: =-SUMIFS('Input-Events'!H$4:H$106, 'Input-Events'!E$4:E$106, $C9) -> 0 | G9: {=_xlfn.TEXTJOIN(", ", TRUE, IF('Input-Events'!E$4:E$106=$C9, 'Input-Events'!D$4:D$106, ""))} | H9: =IF(AND($C9>userRetirementAge, SUM($E9, swpLTCGExemption, swpOtherTaxExemptions) < 0), (-SUM($E9, swpLTCGExemption, swpOtherTaxExemptions))*swpLTCGTaxPercentage, 0) -> 0 | I9: =$D9+$E9+$F9-$H9 -> 1600000 | J9: =ROUND(IF($C9>=userRetirementAge, IF($I9>0, $I9*annualEffectivePostRetirementROI, 0), IF($I9>0, $I9*annualEffectiveROI, 0)), 0) -> 192000 | K9: =ROUND(I9+J9, 0) -> 1792000
B10: =B9+1 -> 2026 | C10: =C9+1 -> 35 | D10: =ROUND(K9, 0) -> 1792000 | E10: =ROUND(IF($C10>userRetirementAge, IF($D10>0,-FV(annualChangeInSWP, $C10-userRetirementAge-1, 0, -annualWithdrawalSWP_FV, 1), 0), E9+E9*(annualIncreaseInSavings)), 0) -> 630000 | F10: =-SUMIFS('Input-Events'!H$4:H$106, 'Input-Events'!E$4:E$106, $C10) -> -521000 | G10: {=_xlfn.TEXTJOIN(", ", TRUE, IF('Input-Events'!E$4:E$106=$C10, 'Input-Events'!D$4:D$106, ""))} -> International Trip | H10: =IF(AND($C10>userRetirementAge, SUM($E10, swpLTCGExemption, swpOtherTaxExemptions) < 0), (-SUM($E10, swpLTCGExemption, swpOtherTaxExemptions))*swpLTCGTaxPercentage, 0) -> 0 | I10: =$D10+$E10+$F10-$H10 -> 1901000 | J10: =ROUND(IF($C10>=userRetirementAge, IF($I10>0, $I10*annualEffectivePostRetirementROI, 0), IF($I10>0, $I10*annualEffectiveROI, 0)), 0) -> 228120 | K10: =ROUND(I10+J10, 0) -> 2129120
B11: =B10+1 -> 2027 | C11: =C10+1 -> 36 | D11: =ROUND(K10, 0) -> 2129120 | E11: =ROUND(IF($C11>userRetirementAge, IF($D11>0,-FV(annualChangeInSWP, $C11-userRetirementAge-1, 0, -annualWithdrawalSWP_FV, 1), 0), E10+E10*(annualIncreaseInSavings)), 0) -> 661500 | F11: =-SUMIFS('Input-Events'!H$4:H$106, 'Input-Events'!E$4:E$106, $C11) -> 0 | G11: {=_xlfn.TEXTJOIN(", ", TRUE, IF('Input-Events'!E$4:E$106=$C11, 'Input-Events'!D$4:D$106, ""))} | H11: =IF(AND($C11>userRetirementAge, SUM($E11, swpLTCGExemption, swpOtherTaxExemptions) < 0), (-SUM($E11, swpLTCGExemption, swpOtherTaxExemptions))*swpLTCGTaxPercentage, 0) -> 0 | I11: =$D11+$E11+$F11-$H11 -> 2790620 | J11: =ROUND(IF($C11>=userRetirementAge, IF($I11>0, $I11*annualEffectivePostRetirementROI, 0), IF($I11>0, $I11*annualEffectiveROI, 0)), 0) -> 334874 | K11: =ROUND(I11+J11, 0) -> 3125494
B12: =B11+1 -> 2028 | C12: =C11+1 -> 37 | D12: =ROUND(K11, 0) -> 3125494 | E12: =ROUND(IF($C12>userRetirementAge, IF($D12>0,-FV(annualChangeInSWP, $C12-userRetirementAge-1, 0, -annualWithdrawalSWP_FV, 1), 0), E11+E11*(annualIncreaseInSavings)), 0) -> 694575 | F12: =-SUMIFS('Input-Events'!H$4:H$106, 'Input-Events'!E$4:E$106, $C12) -> 0 | G12: {=_xlfn.TEXTJOIN(", ", TRUE, IF('Input-Events'!E$4:E$106=$C12, 'Input-Events'!D$4:D$106, ""))} | H12: =IF(AND($C12>userRetirementAge, SUM($E12, swpLTCGExemption, swpOtherTaxExemptions) < 0), (-SUM($E12, swpLTCGExemption, swpOtherTaxExemptions))*swpLTCGTaxPercentage, 0) -> 0 | I12: =$D12+$E12+$F12-$H12 -> 3820069 | J12: =ROUND(IF($C12>=userRetirementAge, IF($I12>0, $I12*annualEffectivePostRetirementROI, 0), IF($I12>0, $I12*annualEffectiveROI, 0)), 0) -> 458408 | K12: =ROUND(I12+J12, 0) -> 4278477
B13: =B12+1 -> 2029 | C13: =C12+1 -> 38 | D13: =ROUND(K12, 0) -> 4278477 | E13: =ROUND(IF($C13>userRetirementAge, IF($D13>0,-FV(annualChangeInSWP, $C13-userRetirementAge-1, 0, -annualWithdrawalSWP_FV, 1), 0), E12+E12*(annualIncreaseInSavings)), 0) -> 729304 | F13: =-SUMIFS('Input-Events'!H$4:H$106, 'Input-Events'!E$4:E$106, $C13) -> -1277000 | G13: {=_xlfn.TEXTJOIN(", ", TRUE, IF('Input-Events'!E$4:E$106=$C13, 'Input-Events'!D$4:D$106, ""))} -> Car | H13: =IF(AND($C13>userRetirementAge, SUM($E13, swpLTCGExemption, swpOtherTaxExemptions) < 0), (-SUM($E13, swpLTCGExemption, swpOtherTaxExemptions))*swpLTCGTaxPercentage, 0) -> 0 | I13: =$D13+$E13+$F13-$H13 -> 3730781 | J13: =ROUND(IF($C13>=userRetirementAge, IF($I13>0, $I13*annualEffectivePostRetirementROI, 0), IF($I13>0, $I13*annualEffectiveROI, 0)), 0) -> 447694 | K13: =ROUND(I13+J13, 0) -> 4178475
B14: =B13+1 -> 2030 | C14: =C13+1 -> 39 | D14: =ROUND(K13, 0) -> 4178475 | E14: =ROUND(IF($C14>userRetirementAge, IF($D14>0,-FV(annualChangeInSWP, $C14-userRetirementAge-1, 0, -annualWithdrawalSWP_FV, 1), 0), E13+E13*(annualIncreaseInSavings)), 0) -> 765769 | F14: =-SUMIFS('Input-Events'!H$4:H$106, 'Input-Events'!E$4:E$106, $C14) -> 0 | G14: {=_xlfn.TEXTJOIN(", ", TRUE, IF('Input-Events'!E$4:E$106=$C14, 'Input-Events'!D$4:D$106, ""))} | H14: =IF(AND($C14>userRetirementAge, SUM($E14, swpLTCGExemption, swpOtherTaxExemptions) < 0), (-SUM($E14, swpLTCGExemption, swpOtherTaxExemptions))*swpLTCGTaxPercentage, 0) -> 0 | I14: =$D14+$E14+$F14-$H14 -> 4944244 | J14: =ROUND(IF($C14>=userRetirementAge, IF($I14>0, $I14*annualEffectivePostRetirementROI, 0), IF($I14>0, $I14*annualEffectiveROI, 0)), 0) -> 593309 | K14: =ROUND(I14+J14, 0) -> 5537553
B15: =B14+1 -> 2031 | C15: =C14+1 -> 40 | D15: =ROUND(K14, 0) -> 5537553 | E15: =ROUND(IF($C15>userRetirementAge, IF($D15>0,-FV(annualChangeInSWP, $C15-userRetirementAge-1, 0, -annualWithdrawalSWP_FV, 1), 0), E14+E14*(annualIncreaseInSavings)), 0) -> 804057 | F15: =-SUMIFS('Input-Events'!H$4:H$106, 'Input-Events'!E$4:E$106, $C15) -> 500000 | G15: {=_xlfn.TEXTJOIN(", ", TRUE, IF('Input-Events'!E$4:E$106=$C15, 'Input-Events'!D$4:D$106, ""))} -> Children Education, PPF Maturity, Insurance Maturity | H15: =IF(AND($C15>userRetirementAge, SUM($E15, swpLTCGExemption, swpOtherTaxExemptions) < 0), (-SUM($E15, swpLTCGExemption, swpOtherTaxExemptions))*swpLTCGTaxPercentage, 0) -> 0 | I15: =$D15+$E15+$F15-$H15 -> 6841610 | J15: =ROUND(IF($C15>=userRetirementAge, IF($I15>0, $I15*annualEffectivePostRetirementROI, 0), IF($I15>0, $I15*annualEffectiveROI, 0)), 0) -> 820993 | K15: =ROUND(I15+J15, 0) -> 7662603
B16: =B15+1 -> 2032 | C16: =C15+1 -> 41 | D16: =ROUND(K15, 0) -> 7662603 | E16: =ROUND(IF($C16>userRetirementAge, IF($D16>0,-FV(annualChangeInSWP, $C16-userRetirementAge-1, 0, -annualWithdrawalSWP_FV, 1), 0), E15+E15*(annualIncreaseInSavings)), 0) -> 844260 | F16: =-SUMIFS('Input-Events'!H$4:H$106, 'Input-Events'!E$4:E$106, $C16) -> 0 | G16: {=_xlfn.TEXTJOIN(", ", TRUE, IF('Input-Events'!E$4:E$106=$C16, 'Input-Events'!D$4:D$106, ""))} | H16: =IF(AND($C16>userRetirementAge, SUM($E16, swpLTCGExemption, swpOtherTaxExemptions) < 0), (-SUM($E16, swpLTCGExemption, swpOtherTaxExemptions))*swpLTCGTaxPercentage, 0) -> 0 | I16: =$D16+$E16+$F16-$H16 -> 8506863 | J16: =ROUND(IF($C16>=userRetirementAge, IF($I16>0, $I16*annualEffectivePostRetirementROI, 0), IF($I16>0, $I16*annualEffectiveROI, 0)), 0) -> 1020824 | K16: =ROUND(I16+J16, 0) -> 9527687
B17: =B16+1 -> 2033 | C17: =C16+1 -> 42 | D17: =ROUND(K16, 0) -> 9527687 | E17: =ROUND(IF($C17>userRetirementAge, IF($D17>0,-FV(annualChangeInSWP, $C17-userRetirementAge-1, 0, -annualWithdrawalSWP_FV, 1), 0), E16+E16*(annualIncreaseInSavings)), 0) -> 886473 | F17: =-SUMIFS('Input-Events'!H$4:H$106, 'Input-Events'!E$4:E$106, $C17) -> 0 | G17: {=_xlfn.TEXTJOIN(", ", TRUE, IF('Input-Events'!E$4:E$106=$C17, 'Input-Events'!D$4:D$106, ""))} | H17: =IF(AND($C17>userRetirementAge, SUM($E17, swpLTCGExemption, swpOtherTaxExemptions) < 0), (-SUM($E17, swpLTCGExemption, swpOtherTaxExemptions))*swpLTCGTaxPercentage, 0) -> 0 | I17: =$D17+$E17+$F17-$H17 -> 10414160 | J17: =ROUND(IF($C17>=userRetirementAge, IF($I17>0, $I17*annualEffectivePostRetirementROI, 0), IF($I17>0, $I17*annualEffectiveROI, 0)), 0) -> 1249699 | K17: =ROUND(I17+J17, 0) -> 11663859
B18: =B17+1 -> 2034 | C18: =C17+1 -> 43 | D18: =ROUND(K17, 0) -> 11663859 | E18: =ROUND(IF($C18>userRetirementAge, IF($D18>0,-FV(annualChangeInSWP, $C18-userRetirementAge-1, 0, -annualWithdrawalSWP_FV, 1), 0), E17+E17*(annualIncreaseInSavings)), 0) -> 930797 | F18: =-SUMIFS('Input-Events'!H$4:H$106, 'Input-Events'!E$4:E$106, $C18) -> 0 | G18: {=_xlfn.TEXTJOIN(", ", TRUE, IF('Input-Events'!E$4:E$106=$C18, 'Input-Events'!D$4:D$106, ""))} | H18: =IF(AND($C18>userRetirementAge, SUM($E18, swpLTCGExemption, swpOtherTaxExemptions) < 0), (-SUM($E18, swpLTCGExemption, swpOtherTaxExemptions))*swpLTCGTaxPercentage, 0) -> 0 | I18: =$D18+$E18+$F18-$H18 -> 12594656 | J18: =ROUND(IF($C18>=userRetirementAge, IF($I18>0, $I18*annualEffectivePostRetirementROI, 0), IF($I18>0, $I18*annualEffectiveROI, 0)), 0) -> 1511359 | K18: =ROUND(I18+J18, 0) -> 14106015
B19: =B18+1 -> 2035 | C19: =C18+1 -> 44 | D19: =ROUND(K18, 0) -> 14106015 | E19: =ROUND(IF($C19>userRetirementAge, IF($D19>0,-FV(annualChangeInSWP, $C19-userRetirementAge-1, 0, -annualWithdrawalSWP_FV, 1), 0), E18+E18*(annualIncreaseInSavings)), 0) -> 977337 | F19: =-SUMIFS('Input-Events'!H$4:H$106, 'Input-Events'!E$4:E$106, $C19) -> 0 | G19: {=_xlfn.TEXTJOIN(", ", TRUE, IF('Input-Events'!E$4:E$106=$C19, 'Input-Events'!D$4:D$106, ""))} | H19: =IF(AND($C19>userRetirementAge, SUM($E19, swpLTCGExemption, swpOtherTaxExemptions) < 0), (-SUM($E19, swpLTCGExemption, swpOtherTaxExemptions))*swpLTCGTaxPercentage, 0) -> 0 | I19: =$D19+$E19+$F19-$H19 -> 15083352 | J19: =ROUND(IF($C19>=userRetirementAge, IF($I19>0, $I19*annualEffectivePostRetirementROI, 0), IF($I19>0, $I19*annualEffectiveROI, 0)), 0) -> 1810002 | K19: =ROUND(I19+J19, 0) -> 16893354
B20: =B19+1 -> 2036 | C20: =C19+1 -> 45 | D20: =ROUND(K19, 0) -> 16893354 | E20: =ROUND(IF($C20>userRetirementAge, IF($D20>0,-FV(annualChangeInSWP, $C20-userRetirementAge-1, 0, -annualWithdrawalSWP_FV, 1), 0), E19+E19*(annualIncreaseInSavings)), 0) -> 1026204 | F20: =-SUMIFS('Input-Events'!H$4:H$106, 'Input-Events'!E$4:E$106, $C20) -> 0 | G20: {=_xlfn.TEXTJOIN(", ", TRUE, IF('Input-Events'!E$4:E$106=$C20, 'Input-Events'!D$4:D$106, ""))} | H20: =IF(AND($C20>userRetirementAge, SUM($E20, swpLTCGExemption, swpOtherTaxExemptions) < 0), (-SUM($E20, swpLTCGExemption, swpOtherTaxExemptions))*swpLTCGTaxPercentage, 0) -> 0 | I20: =$D20+$E20+$F20-$H20 -> 17919558 | J20: =ROUND(IF($C20>=userRetirementAge, IF($I20>0, $I20*annualEffectivePostRetirementROI, 0), IF($I20>0, $I20*annualEffectiveROI, 0)), 0) -> 2150347 | K20: =ROUND(I20+J20, 0) -> 20069905
B21: =B20+1 -> 2037 | C21: =C20+1 -> 46 | D21: =ROUND(K20, 0) -> 20069905 | E21: =ROUND(IF($C21>userRetirementAge, IF($D21>0,-FV(annualChangeInSWP, $C21-userRetirementAge-1, 0, -annualWithdrawalSWP_FV, 1), 0), E20+E20*(annualIncreaseInSavings)), 0) -> 1077514 | F21: =-SUMIFS('Input-Events'!H$4:H$106, 'Input-Events'!E$4:E$106, $C21) -> 0 | G21: {=_xlfn.TEXTJOIN(", ", TRUE, IF('Input-Events'!E$4:E$106=$C21, 'Input-Events'!D$4:D$106, ""))} | H21: =IF(AND($C21>userRetirementAge, SUM($E21, swpLTCGExemption, swpOtherTaxExemptions) < 0), (-SUM($E21, swpLTCGExemption, swpOtherTaxExemptions))*swpLTCGTaxPercentage, 0) -> 0 | I21: =$D21+$E21+$F21-$H21 -> 21147419 | J21: =ROUND(IF($C21>=userRetirementAge, IF($I21>0, $I21*annualEffectivePostRetirementROI, 0), IF($I21>0, $I21*annualEffectiveROI, 0)), 0) -> 2537690 | K21: =ROUND(I21+J21, 0) -> 23685109
... B109: =B108+1 -> 2125 | C109: =C108+1 -> 134 | D109: =ROUND(K108, 0) -> 365360089782 | E109: =ROUND(IF($C109>userRetirementAge, IF($D109>0,-FV(annualChangeInSWP, $C109-userRetirementAge-1, 0, -annualWithdrawalSWP_FV, 1), 0), E108+E108*(annualIncreaseInSavings)), 0) -> -9263021 | F109: =-SUMIFS('Input-Events'!H$4:H$106, 'Input-Events'!E$4:E$106, $C109) -> 0 | G109: {=_xlfn.TEXTJOIN(", ", TRUE, IF('Input-Events'!E$4:E$106=$C109, 'Input-Events'!D$4:D$106, ""))} | H109: =IF(AND($C109>userRetirementAge, SUM($E109, swpLTCGExemption, swpOtherTaxExemptions) < 0), (-SUM($E109, swpLTCGExemption, swpOtherTaxExemptions))*swpLTCGTaxPercentage, 0) -> 992252.62 | I109: =$D109+$E109+$F109-$H109 -> 3.6534983e+11 | J109: =ROUND(IF($C109>=userRetirementAge, IF($I109>0, $I109*annualEffectivePostRetirementROI, 0), IF($I109>0, $I109*annualEffectiveROI, 0)), 0) -> 43841980141 | K109: =ROUND(I109+J109, 0) -> 409191814649

Sheet Input-Basic
B1: User Fields (Editable) | I1: *Edit only the fields with Blue Background
B2: Formula Fields (Do not Edit)
B3: Title or Description
B7: User Inputs | E7: Computed Values
B8: BASIC INFO
B9: Name | C9: Ganesh | E9: Age | F9: =DATEDIF(C10, TODAY(), "y") -> 33
B10: DOB | C10: 33604 | E10: Monthly Expenses | F10: =userMonthlyExpenses -> 50000
B11: Monthly Income (post tax) | C11: 100000
B12: Current Savings | C12: 1000000 | E12: Annual Savings/Investments | F12: =ROUND(12*(userIncome-userMonthlyExpenses),0) -> 600000
B13: Current Liabilities | C13: 0 | E13: Effective ROI | F13: =$C$16-SUM($C$17:$C$19) -> 0.12
E14: Effective ROI after Retirement | F14: =$C$24-SUM($C$25:$C$27) -> 0.12
B15: PRE RETIREMENT
B16: Annual ROI (%) | C16: 0.12 | E16: Annual SWP withdrawal | F16: =ROUND(FV($C$25, userRetirementAge-userAge, 0, -annualAmountSWP, 1), 0) -> 4480148
B17: Annual Inflation (%) | C17: 0
B18: Annual Life Style Inflation (%) | C18: 0
B19: Others (%) | C19: 0
B21: Annual Increase In Savings (%) | C21: 0.05
B23: POST RETIREMENT
B24: Post Retirement ROI (%) | C24: 0.17
B25: Post Retirement Annual Inflation (%) | C25: 0.05
B26: Post Retirement Life Style Inflation (%) | C26: 0
B27: Others (%) | C27: 0
B29: Post Retirement Annual Withdrawal (SWP) | C29: 1200000
B30: Annual Change In SWP (%) | C30: 0.01
B32: MAIN EVENTS
B33: Retirement Age | C33: 60
B34: Life Expectancy Age | C34: 80
B35: Tax on SWP
B36: Standard + Other tax exemptions | C36: 1200000
B37: LTCG Exemption (as of FY24) | C37: 125000
B38: LTCG Tax (as of FY24) | C38: 0.125

Sheet Input-MonthlyExpenses
I1: =CONCATENATE("*Make sure total expense doesn't exceed monthly income of ", userMonthlyIncome ) -> *Make sure total expense doesn't exceed monthly income of 100000 | L1: Conversion Tool
A3: Monthly Expenses Total | B3: =SUM(E4:E45) -> 50000 | D3: Description | E3: Amount | L3: Yearly | M3: 12000 | N3: =ROUND(M3/12, 0) -> 1000
D4: Rent | E4: 10000 | L4: Half-Yearly | M4: 6000 | N4: =ROUND(M4/6, 0) -> 1000
D5: EMI | E5: 30000 | L5: Quarterly | M5: 3000 | N5: =ROUND(M5/3, 0) -> 1000
D6: Credit Cards | E6: 3000 | L6: Bi-Monthly | M6: 2000 | N6: =ROUND(M6/2, 0) -> 1000
D7: Groceries | E7: 2000 | L7: Weekly | M7: 250 | N7: =ROUND(M7*4, 0) -> 1000
D8: Utilities | E8: 1000 | L8: Daily | M8: 100 | N8: =ROUND(M8*30, 0) -> 3000
D9: Misc | E9: 4000

Sheet Input-Events
I1: *If any income is expected on certain age, kindly provide negative value
I2: *Inflation adjusted price is rounded off with next nearest 1000
A3: Total Expense Events | B3: =SUMIF($F$4:$F$106, ">=0") -> 7000000 | D3: Important Events | E3: Age | F3: Today's Price | G3: Inflation (if any) | H3: Inflation Adjusted Price
A4: Total Income Events | B4: =-SUMIF($F$4:$F$106, "<0") -> 13000000 | D4: Education | G4: 0 | H4: =IF(AND($G4 > 0, $E4 > 0), CEILING(FV($G4, $E4-userAge, 0, -$F4, 1), 1000), $F4) -> 0
D5: Mobile | G5: 0.1 | H5: =IF(AND($G5 > 0, $E5 > 0), CEILING(FV($G5, $E5-userAge, 0, -$F5, 1), 1000), $F5) -> 0
D6: Bike | G6: 0 | H6: =IF(AND($G6 > 0, $E6 > 0), CEILING(FV($G6, $E6-userAge, 0, -$F6, 1), 1000), $F6) -> 0
D7: Car | E7: 38 | F7: 1000000 | G7: 0.05 | H7: =IF(AND($G7 > 0, $E7 > 0), CEILING(FV($G7, $E7-userAge, 0, -$F7, 1), 1000), $F7) -> 1277000
D8: Domestic Trip | G8: 0 | H8: =IF(AND($G8 > 0, $E8 > 0), CEILING(FV($G8, $E8-userAge, 0, -$F8, 1), 1000), $F8) -> 0
D9: International Trip | E9: 35 | F9: 500000 | G9: 0.02 | H9: =IF(AND($G9 > 0, $E9 > 0), CEILING(FV($G9, $E9-userAge, 0, -$F9, 1), 1000), $F9) -> 521000
D10: Marriage | G10: 0 | H10: =IF(AND($G10 > 0, $E10 > 0), CEILING(FV($G10, $E10-userAge, 0, -$F10, 1), 1000), $F10) -> 0
D11: Home | E11: 50 | F11: 5000000 | G11: 0.03 | H11: =IF(AND($G11 > 0, $E11 > 0), CEILING(FV($G11, $E11-userAge, 0, -$F11, 1), 1000), $F11) -> 8265000
D12: Children Education | E12: 40 | F12: 500000 | G12: 0 | H12: =IF(AND($G12 > 0, $E12 > 0), CEILING(FV($G12, $E12-userAge, 0, -$F12, 1), 1000), $F12) -> 500000
D13: Children Marriage | G13: 0 | H13: =IF(AND($G13 > 0, $E13 > 0), CEILING(FV($G13, $E13-userAge, 0, -$F13, 1), 1000), $F13) -> 0
D14: Gift | G14: 0 | H14: =IF(AND($G14 > 0, $E14 > 0), CEILING(FV($G14, $E14-userAge, 0, -$F14, 1), 1000), $F14) -> 0
D15: Event #1 | G15: 0 | H15: =IF(AND($G15 > 0, $E15 > 0), CEILING(FV($G15, $E15-userAge, 0, -$F15, 1), 1000), $F15) -> 0
D16: Event #2 | G16: 0 | H16: =IF(AND($G16 > 0, $E16 > 0), CEILING(FV($G16, $E16-userAge, 0, -$F16, 1), 1000), $F16) -> 0
D17: Event #3 | G17: 0 | H17: =IF(AND($G17 > 0, $E17 > 0), CEILING(FV($G17, $E17-userAge, 0, -$F17, 1), 1000), $F17) -> 0
D18: Event #4 | G18: 0 | H18: =IF(AND($G18 > 0, $E18 > 0), CEILING(FV($G18, $E18-userAge, 0, -$F18, 1), 1000), $F18) -> 0
D19: Event #5 | G19: 0 | H19: =IF(AND($G19 > 0, $E19 > 0), CEILING(FV($G19, $E19-userAge, 0, -$F19, 1), 1000), $F19) -> 0
G20: 0 | H20: =IF(AND($G20 > 0, $E20 > 0), CEILING(FV($G20, $E20-userAge, 0, -$F20, 1), 1000), $F20) -> 0
G21: 0 | H21: =IF(AND($G21 > 0, $E21 > 0), CEILING(FV($G21, $E21-userAge, 0, -$F21, 1), 1000), $F21) -> 0
G22: 0 | H22: =IF(AND($G22 > 0, $E22 > 0), CEILING(FV($G22, $E22-userAge, 0, -$F22, 1), 1000), $F22) -> 0
G23: 0 | H23: =IF(AND($G23 > 0, $E23 > 0), CEILING(FV($G23, $E23-userAge, 0, -$F23, 1), 1000), $F23) -> 0
G24: 0 | H24: =IF(AND($G24 > 0, $E24 > 0), CEILING(FV($G24, $E24-userAge, 0, -$F24, 1), 1000), $F24) -> 0
G25: 0 | H25: =IF(AND($G25 > 0, $E25 > 0), CEILING(FV($G25, $E25-userAge, 0, -$F25, 1), 1000), $F25) -> 0
G26: 0 | H26: =IF(AND($G26 > 0, $E26 > 0), CEILING(FV($G26, $E26-userAge, 0, -$F26, 1), 1000), $F26) -> 0
G27: 0 | H27: =IF(AND($G27 > 0, $E27 > 0), CEILING(FV($G27, $E27-userAge, 0, -$F27, 1), 1000), $F27) -> 0
G28: 0 | H28: =IF(AND($G28 > 0, $E28 > 0), CEILING(FV($G28, $E28-userAge, 0, -$F28, 1), 1000), $F28) -> 0
G29: 0 | H29: =IF(AND($G29 > 0, $E29 > 0), CEILING(FV($G29, $E29-userAge, 0, -$F29, 1), 1000), $F29) -> 0
G30: 0 | H30: =IF(AND($G30 > 0, $E30 > 0), CEILING(FV($G30, $E30-userAge, 0, -$F30, 1), 1000), $F30) -> 0
G31: 0 | H31: =IF(AND($G31 > 0, $E31 > 0), CEILING(FV($G31, $E31-userAge, 0, -$F31, 1), 1000), $F31) -> 0
... G100: 0 | H100: =IF(AND($G100 > 0, $E100 > 0), CEILING(FV($G100, $E100-userAge, 0, -$F100, 1), 1000), $F100) -> 0
D101: PPF Maturity | E101: 40 | F101: -1000000 | G101: 0 | H101: =IF(AND($G101 > 0, $E101 > 0), CEILING(FV($G101, $E101-userAge, 0, -$F101, 1), 1000), $F101) -> -1000000
D102: Insurance Maturity | E102: 40 | G102: 0 | H102: =IF(AND($G102 > 0, $E102 > 0), CEILING(FV($G102, $E102-userAge, 0, -$F102, 1), 1000), $F102) -> 0
D103: Retirement Corpus | E103: =userRetirementAge -> 60 | F103: -2000000 | G103: 0 | H103: =IF(AND($G103 > 0, $E103 > 0), CEILING(FV($G103, $E103-userAge, 0, -$F103, 1), 1000), $F103) -> -2000000
D104: Term Insurance | E104: =userLifeExpectancyAge -> 80 | F104: -10000000 | G104: 0 | H104: =IF(AND($G104 > 0, $E104 > 0), CEILING(FV($G104, $E104-userAge, 0, -$F104, 1), 1000), $F104) -> -10000000
D105: Retirement | E105: =userRetirementAge -> 60 | G105: 0 | H105: =IF(AND($G105 > 0, $E105 > 0), CEILING(FV($G105, $E105-userAge, 0, -$F105, 1), 1000), $F105) -> 0
D106: Life Expectancy | E106: =userLifeExpectancyAge -> 80 | G106: 0 | H106: =IF(AND($G106 > 0, $E106 > 0), CEILING(FV($G106, $E106-userAge, 0, -$F106, 1), 1000), $F106) -> 0

Sheet TestCases
A1: *Copy and paste only the values to test
A5: User Inputs | D5: User Inputs
A7: Name | B7: Ganesh | D7: Name | E7: Ganesh
A8: DOB | B8: 36526 | D8: DOB | E8: 25569
A9: Monthly Income | B9: 50000 | D9: Monthly Income | E9: 150000
A10: Current Savings | B10: 100000 | D10: Current Savings | E10: 1000000
A11: Current Liabilities | B11: 50000 | D11: Current Liabilities | E11: 0
A13: PRE RETIREMENT | D13: PRE RETIREMENT
A14: Annual ROI (%) | B14: 0.15 | D14: Annual ROI (%) | E14: 0.12
A15: Annual Inflation (%) | B15: 0.07 | D15: Annual Inflation (%) | E15: 0.07
A16: Annual Life Style Inflation (%) | B16: 0.03 | D16: Annual Life Style Inflation (%) | E16: 0.03
A17: Others (%) | B17: 0.01 | D17: Others (%) | E17: 0.01
A19: Annual Increase In Savings (%) | B19: 0.05 | D19: Annual Increase In Savings (%) | E19: 0.05
A21: POST RETIREMENT | D21: POST RETIREMENT
A22: Post Retirement ROI (%) | B22: 0.1 | D22: Post Retirement ROI (%) | E22: 0.1
A23: Post Retirement Annual Inflation (%) | B23: 0.07 | D23: Post Retirement Annual Inflation (%) | E23: 0.07
A24: Post Retirement Life Style Inflation (%) | B24: 0.01 | D24: Post Retirement Life Style Inflation (%) | E24: 0.01
A25: Others (%) | B25: 0.01 | D25: Others (%) | E25: 0
A27: Post Retirement Annual Withdrawal (SWP) | B27: 1200000 | D27: Post Retirement Annual Withdrawal (SWP) | E27: 1200000
A28: Annual Change In SWP (%) | B28: 0.05 | D28: Annual Change In SWP (%) | E28: 0.05
A30: MAIN EVENTS | D30: MAIN EVENTS
A31: Retirement Age | B31: 60 | D31: Retirement Age | E31: 60
A32: Life Expectancy Age | B32: 80 | D32: Life Expectancy Age | E32: 80
